 Dungeon Crawl Stone Soup version 0.28-a0-1387-g3a22ab9bdc (webtiles) character file.

Game seed: 9217534702963178830

227 Deminshera the Shooter (level 6, 0/34 (38) HPs)
             Began as a Tengu Hunter on Jan 2, 2022.
             Was an Initiate of Ashenzari.
             Slain by a wight (10 damage)
             ... on level 5 of the Dungeon.
             The game lasted 00:03:51 (4595 turns).

Deminshera the Shooter (Tengu Hunter)               Turns: 4595, Time: 00:03:52

HP:   0/34 (38)     AC:  8    Str: 14    XL:     6   Next: 2%
MP:   7/7           EV: 13    Int: 12    God:    Ashenzari [......]
Gold: 143           SH:  0    Dex: 14    Spells: 5/5 levels left

rFire   + . .      SeeInvis .   a - +1 shortbow
rCold   . . .      Faith    .   (shield currently unavailable)
rNeg    . . .      Spirit   .   m - +3 ring mail "Nolyhuc" {rF+ Regen+}
rPois   .          Reflect  .   (helmet restricted)
rElec   .          Harm     .   (no cloak)
rCorr   .          Rampage  .   (no gloves)
Will    .....                   (boots unavailable)
Stlth   +.........              (no amulet)
HPRegen 0.91/turn               (no ring)
MPRegen 0.10/turn               (no ring)

@: flying quickly and evasively, heavily drained, quick
A: beak, talons 3, nimble flight
a: Renounce Religion, Curse Item


You were on level 5 of the Dungeon.
You worshipped Ashenzari.
Ashenzari was noncommittal.
You visited 1 branch of the dungeon, and saw 5 of its levels.

You collected 201 gold pieces.
You spent 58 gold pieces at shops.

Inventory:

Hand Weapons
 a - a +1 shortbow (weapon)
 b - a +0 short sword
Missiles
 d - 81 arrows (quivered ammo)
Armour
 m - the +3 ring mail "Nolyhuc" (worn) {rF+ Regen+}
   (You found it on level 4 of the Dungeon)

   rF:        It protects you from fire.
   Regen:     It increases your rate of health regeneration.
Scrolls
 e - 2 scrolls of identify {unknown}
 i - a scroll of brand weapon {unknown}
 k - a scroll of vulnerability {unknown}
 o - a scroll of enchant armour {unknown}
Potions
 c - a potion of might {unknown}
 f - 2 potions of brilliance {unknown}
 g - a potion of magic {unknown}
 h - a potion of resistance {unknown}
 j - a potion of flight {unknown}
 l - 2 potions of heal wounds {unknown}
 n - a potion of degeneration {unknown}


   Skills:
 + Level 4.0 Fighting
 + Level 6.0 Bows
 + Level 3.0 Dodging
 + Level 2.0 Stealth


You had 5 spell levels left.
You didn't know any spells.
Your spell library contained the following spells:

 Spells                   Type           Power      Damage    Failure   Level
 Animate Skeleton         Necr           0%         N/A       56%         1
 Apportation              Tloc           0%         N/A       56%         1
 Summon Small Mammal      Summ           0%         N/A       56%         1
 Call Canine Familiar     Summ           0%         N/A       90%         3
 Summon Guardian Golem    Hex/Summ       0%         N/A       90%         3
 Vampiric Draining        Necr           0%         2d6       90%         3
 Olgreb's Toxic Radiance  Pois           0%         N/A       100%        4
 Summon Ice Beast         Ice/Summ       0%         N/A       100%        4
 Agony                    Necr           0%         N/A       100%        5
 Borgnjor's Vile Clutch   Necr/Erth      0%         N/A       100%        5
 Summon Mana Viper        Hex/Summ       0%         N/A       100%        5
 Monstrous Menagerie      Summ           0%         N/A       100%        7
 Ozocubu's Refrigeration  Ice            0%         4d5       100%        7
 Ignition                 Fire           0%         3d3       100%        8


Dungeon Overview and Level Annotations

Branches:
Dungeon (5/15)             Temple (0/1) D:4

Altars:
Ashenzari
Cheibriados
Nemelex Xobeh
Qazlal
Wu Jian

Shops:
D:3 *


Innate Abilities, Weirdness & Mutations

You have a beak for a mouth.
You have claws for feet.
Your magical nature lets you fly swiftly and evasively.


Message History

a +0 long sword; a +0 robe
d - 85 arrows (gained 7)
Things that are here:
a +4 spear; a +0 robe
d - 86 arrows (gained 1)
d - 88 arrows (gained 2)
A wight comes into view. It is wielding a +5 short sword.
You see here 3 arrows.
A wight is nearby!
You shoot an arrow. The arrow hits the wight!
The wight is severely damaged.
You shoot an arrow. The arrow hits the wight.
The wight is severely damaged.
The wight hits you with a +5 short sword.
You feel drained.
You shoot an arrow. The arrow completely misses the wight.
The wight hits you with a +5 short sword.
You shoot an arrow. The arrow hits the wight.
The wight is almost destroyed.
The wight hits you with a +5 short sword!
You feel drained.
You shoot an arrow. The arrow closely misses the wight.
The wight hits you with a +5 short sword!
* * * LOW HITPOINT WARNING * * *
You are too injured to fight recklessly!
Fire: 83 arrows
Press: ? - help, Q - select action Shift-Dir - straight line, f/p - wight
Aim: a wight, wielding a +5 short sword and wearing a +0 robe (almost destroyed, 65% to hit)
You shoot an arrow.
The arrow hits the wight but does no damage.
The wight is almost destroyed.
The wight hits you but does no damage.
Fire: 82 arrows
Press: ? - help, Q - select action Shift-Dir - straight line, f/p - wight
Aim: a wight, wielding a +5 short sword and wearing a +0 robe (almost destroyed, 65% to hit)
You shoot an arrow.
The arrow hits the wight but does no damage.
The wight is almost destroyed.
The wight hits you with a +5 short sword!
You die...

########..##.....+
.........###<....#
..........#.....##
..#.......#.....#
#..##)..##........
#.. #)..##........
## #....+........
#.<.########..
#@..# .. #z..#
.(...# (.(..##
####+##


You could see a wight.

Vanquished Creatures
  2 wights (D:5)
  A hound (D:4)
  5 adders
  2 dart slugs
  8 orcs
  7 endoplasms
  7 hobgoblins
  2 quokkas
  3 ball pythons
  6 bats
  2 frilled lizards
  4 goblins
  8 kobolds
  5 rats
62 creatures vanquished.

Notes
Turn   | Place    | Note
-------+----------+-------------------------------------------
     0 | D:1      | Deminshera the Tengu Hunter began the quest for the Orb.
     0 | D:1      | Reached XP level 1. HP: 12/12 MP: 2/2
   182 | D:1      | Reached XP level 2. HP: 17/17 MP: 3/3
   206 | D:1      | Found a faded altar of an unknown god.
   972 | D:1      | Reached XP level 3. HP: 22/22 MP: 4/4
   993 | D:1      | Got the Reference Book on Doomed Calling
  1805 | D:3      | Found Notunyd's General Store.
  1813 | D:3      | Bought 21 arrows for 58 gold pieces
  1829 | D:3      | Found a snail-covered altar of Cheibriados.
  2279 | D:3      | Reached XP level 4. HP: 27/27 MP: 5/5
  3478 | D:4      | Reached skill level 5 in Bows
  3657 | D:4      | Found an ornate altar of the Wu Jian Council.
  3664 | D:4      | Identified the +3 ring mail "Nolyhuc" {rF+ Regen+}
  3682 | D:4      | Found a sparkling altar of Nemelex Xobeh.
  3685 | D:4      | Found a broken altar of Ashenzari.
  3688 | D:4      | Found a stormy altar of Qazlal.
  3694 | D:4      | Became a worshipper of Ashenzari the Shackled
  3788 | D:4      | Found a staircase to the Ecumenical Temple.
  3817 | D:4      | Gained mutation: Your magical nature lets you fly swiftly
                  | and evasively. [Tengu growth]
  3817 | D:4      | Reached XP level 5. HP: 32/32 MP: 6/6
  4386 | D:5      | Entered Level 5 of the Dungeon
  4421 | D:5      | Reached skill level 6 in Bows
  4421 | D:5      | Reached XP level 6. HP: 24/37 MP: 7/7
  4595 | D:5      | Slain by a wight

Illustrated notes

Levels and vault maps discovered:
D:1:      dpeg_arrival_tiny_a, layout_basic,
          hellmonk_ecumenical_altar_pennies_from_heaven
D:2:      layout_loops_cross
D:3:      layout_loops_corners, overflow_temple_1_default, serial_shops,
          nicolae_shop_hallway_stairs, hangedman_decor_clover_reticule
D:4:      layout_loops_ring, grunt_temple_overflow_cloverleaf,
          lemuel_temple_firewalk_a
D:5:      layout_gridville, uniq_sigmund

Skill      XL: |  1  2  3  4  5 |
---------------+----------------+-----
Stealth        | 2 |  2.0
Dodging        | 3 |  3.0
Bows           | 5 6 |  6.0
Fighting       | 3 4 |  4.0

Action                   |  1- 3 |  4- 6 || total
-------------------------+-------+-------++-------
 Fire: Shortbow          |    88 |    95 ||   183
Armor: Leather armour    |     5 |       ||     5
       Ring mail         |       |     4 ||     4
Dodge: Dodged            |    17 |    26 ||    43

Table legend: (Time is in decaauts)
 A = Elapsed time spent in this place.
 B = Non-inter-level travel time spent in this place.
 C = Inter-level travel time spent in this place.
 D = Time resting spent in this place.
 E = Time spent auto-exploring this place.
 F = Levels seen in this place.
 G = Mean time per level.
                   A        B        C        D        E       F      G
               +--------+--------+--------+--------+--------+-----+--------+
         Total |   4552 |   4416 |    136 |   1350 |   2642 |   5 |  910.4 |
       Dungeon |   4552 |   4416 |    136 |   1350 |   2642 |   5 |  910.4 |
               +--------+--------+--------+--------+--------+-----+--------+

Top non-repeatable levels by time:
     D:3: 1703 daAuts
     D:1: 1171 daAuts
     D:4: 874 daAuts
     D:2: 594 daAuts
     D:5: 207 daAuts
